[Event "Late-Titled-Tuesday-Blitz-June-18-2024"]
[Site "Chess.com"]
[Date "2024.06.18"]
[Round "2"]
[White "cthulhuuu"]
[Black "GoltsevDmitry2000"]
[Result "0-1"]
[WhiteElo "2388"]
[BlackElo "2713"]
[TimeControl "180+1"]
[EndTime "14:19:39 PDT"]
[Termination "GoltsevDmitry2000 won by resignation"]

1. e4 e6 2. d3 d5 3. Nd2 Nf6 4. Ngf3 Bc5 5. e5 Nfd7 6. d4 Bb6 7. c3 c5 8. Nb3 Nc6 9. Be2 a5 10. Be3 cxd4 11. cxd4 a4 12. Nc1 Ba5+ 13. Nd2 Qb6 14. O-O Qxb2 15. Nd3 Qa3 16. f4 f5 17. g4 fxg4 18. f5 exf5 19. Rxf5 Nf8 20. Rf2 Ne6 21. Nb1 Qe7 22. Bxg4 Nexd4 23. Bxd4 Nxd4 24. Qxa4+ Nc6 25. Bxc8 Rxc8 26. Qg4 Rc7 27. Kg2 Rf8 28. Rxf8+ Kxf8 29. Qf3+ Qf7 30. Qxf7+ Kxf7 31. Na3 Nd4 32. Rf1+ Ke6 33.
Rf4 Rc3 34. Rxd4 Rxa3 35. Nc5+ Kxe5 36. Ra4 Rxa4 37. Nxa4 Kd4 38. Nb2 Kc3 39. Na4+ Kb4 40. Nb2 Ka3 41. Nd3 Kxa2 42. Nf4 d4 43. Kf3 b5 44.
Ne6 d3 45. Ke3 d2 46. Ke2 Bc3 47. Nc5 b4 48. Ne4 Kb2 49. h4 Kc2 50. h5 d1=Q+ 0-1

[Event "Late-Titled-Tuesday-Blitz-June-18-2024"]
[Site "Chess.com"]
[Date "2024.06.18"]
[Round "2"]
[White "mostafa_sakha"]
[Black "Statham_01"]
[Result "1-0"]
[WhiteElo "2416"]
[BlackElo "2699"]
[TimeControl "180+1"]
[EndTime "14:19:39 PDT"]
[Termination "mostafa_sakha won by resignation"]

1. d4 d5 2. c4 Nc6 3. cxd5 Qxd5 4. e3 e5 5. Nc3 Bb4 6. Bd2 Bxc3 7.
bxc3 Nf6 8. c4 Qd6 9. d5 Nb8 10. Nf3 Na6 11. Be2 Nc5 12. O-O a5 13. Bc3 Ng4 14.
h3 e4 15. hxg4 exf3 16. Bxf3 h5 17. gxh5 Bd7 18. e4 O-O-O 19. e5 Qh6 20. Qd4 b6 21. Rfb1 g6 22. Bd2 Qg7 23. Bg5 gxh5 24. Bxd8 Rxd8 25. Rd1 Bg4 26. e6 f6 27. Bxg4 hxg4 28. Qf4 g3 29. Qxg3 Qh7 30. Qh3 Qe7 31. g3 Ne4 32. Qf5 Ng5 33.
Kg2 Kb8 34. Rac1 Qc5 35. f4 Qe3 36. fxg5 Rg8 37. Qxf6 Rxg5 38. Qf3 Qe5 39. Re1 Qh8 40. e7 Rg8 41. Qf7 Re8 42. Re2 Ka7 43. Rce1 a4 44.
Rf1 a3 45. Qxe8 Qxe8 46. Rf8 Qa4 47. e8=Q Qxe8 1-0

[Event "Late-Titled-Tuesday-Blitz-June-18-2024"]
[Site "Chess.com"]
[Date "2024.06.18"]
[Round "2"]
[White "ncofre98"]
[Black "ReadySkate"]
[Result "1-0"]
[WhiteElo "2567"]
[BlackElo "2782"]
[TimeControl "180+1"]
[EndTime "14:19:41 PDT"]
[Termination "ncofre98 won by resignation"]

1. e4 c5 2. Nf3 e6 3. d3 Nc6 4. g3 Nf6 5. Bg2 Be7 6. O-O O-O 7. Re1 d5 8. e5 Nd7 9. Nbd2 Qc7 10. Qe2 b6 11. Nf1 Bb7 12. Bf4 d4 13. a3 b5 14. N1d2 a6 15. h4 Rab8 16. Ne4 Nb6 17. Nf6+ Kh8 18. Ng5 h6 19. Qh5 Nd8 20. Ngh7 Bxg2 21.
Bxh6 g6 22. Qg5 Rg8 23. Kxg2 Nd5 24. h5 Qc6 25. Re4 Rg7 26. Bxg7+ Kxg7 27. hxg6 fxg6 28.
Rh1 Nf7 29. Qg4 Rh8 30. Nxd5 exd5 31. Rf4 Nxe5 32. Qh3 Qd7 33. Qh6+ Kg8 34. f3 Qe8 35.
Qh3 Kg7 36. Qe6 Bd8 37. Qxe8 Rxe8 38. Re1 Bc7 39. Ng5 Re7 40. Rh4 Kf6 41. f4 Kg7 42. fxe5 Bxe5 43. Rh7+ Kf6 44. Rxe7 Kxe7 45. Rxe5+ Kf6 46.
Nf3 c4 47. g4 b4 48. axb4 a5 49. bxa5 c3 50. b3 g5 51. b4 Kg6 52. Kg3 Kf6 53.
Rxd5 1-0

[Event "Late-Titled-Tuesday-Blitz-June-18-2024"]
[Site "Chess.com"]
[Date "2024.06.18"]
[Round "2"]
[White "Oleg_Papayan"]
[Black "Dolphin_2010"]
[Result "0-1"]
[WhiteElo "2543"]
[BlackElo "2785"]
[TimeControl "180+1"]
[EndTime "14:19:43 PDT"]
[Termination "Dolphin_2010 won on time"]

1. d4 d5 2. Nc3 Nf6 3. Bf4 a6 4. e3 c5 5. dxc5 Nc6 6. Nf3 Bg4 7. Be2 e6 8. h3 Bxf3 9. Bxf3 Bxc5 10. O-O O-O 11. e4 d4 12. Ne2 e5 13. Bg5 Be7 14. Nc1 h6 15. Bh4 Nd7 16. Bg3 Nc5 17. Nd3 Nxd3 18. cxd3 Bg5 19. Bg4 Qf6 20. a3 g6 21.
Qb3 h5 22. Be2 Kg7 23. Rab1 b5 24. h4 Bxh4 25. Bxh4 Qxh4 26. Rbc1 Qf6 27. Qd5 Ne7 28. Qb7 Rfb8 29. Qd7 Rd8 30. Qb7 Qd6 31. Rc2 Rab8 32. Qc7 Qe6 33. Rfc1 h4 34. Rc5 Kf6 35. Rc6 Rbc8 36.
Rxe6+ fxe6 37. Qb6 Rxc1+ 38. Kh2 Rdc8 39. Bg4 R1c6 40.
Qb7 R8c7 41. Qb8 Rc8 42. Qb7 Kf7 43. g3 R8c7 44. Qb8 hxg3+ 45. Kxg3 Nc8 46. f4 Kf6 47. fxe5+ Kxe5 48. Kf3 g5 49. Kg3 Kd6 50. e5+ Kxe5 51. Bf3 Rc2 52. Qb6 Nxb6 0-1

[Event "Late-Titled-Tuesday-Blitz-June-18-2024"]
[Site "Chess.com"]
[Date "2024.06.18"]
[Round "2"]
[White "imdvb6307"]
[Black "cedchass2006"]
[Result "1-0"]
[WhiteElo "2526"]
[BlackElo "2326"]
[TimeControl "180+1"]
[EndTime "14:19:43 PDT"]
[Termination "imdvb6307 won by resignation"]

1. d4 Nf6 2. Nf3 d5 3. e3 c5 4. c3 Nc6 5. Nbd2 e6 6. Bd3 b6 7. O-O Bd6 8. e4 dxe4 9. Nxe4 Nxe4 10. Bxe4 Bb7 11. Be3 cxd4 12. Bxd4 O-O 13. h3 Nxd4 14. Bxb7 Nxf3+ 15. Qxf3 Rb8 16. Be4 Qc7 17. Rfe1 g6 18. a4 a5 19. Bd3 Be5 20. h4 Bg7 21. h5 Qc5 22. hxg6 hxg6 23. Qg4 Rbd8 24. Re3 Rd5 25. Rh3 Rg5 26. Qf3 Rh5 27. Rxh5 Qxh5 28. Qxh5 gxh5 29. Kf1 Rd8 30. Ke2 Kf8 31. Rh1 Rd5 32. f4 Bf6 33. g3 Rc5 34. Ke3 Ke7 35.
Be2 Bg7 36. Bxh5 Rc4 37. Bd1 Bf6 38. Rh5 Rc6 39. Rh7 Rd6 40. Be2 Rd8 41. g4 Rh8 42.
Rxh8 Bxh8 43. Kd3 Kd6 44. Kc4 Bg7 45. Kb5 Kc7 46. g5 Bf8 47. Bh5 Bd6 48. Bxf7 Bxf4 49. g6 Bh6 50. Bxe6 Bg7 51. Bf5 Kb7 52. Be4+ Kc7 53.
Bg2 Bf6 54. Kc4 Bg7 55. Kd5 Kd7 56. Bh3+ Kc7 57. Ke6 Bh6 58. Kf7 Kc6 59. Bf1 Kc5 60. g7 Bxg7 61. Kxg7 Kd5 62. Kf6 Ke4 63. Ke6 Ke3 64.
Kd5 Kd2 65. Kc6 Kc2 66. Kxb6 Kxb2 67. c4 Kc3 68. Kb5 1-0

[Event "Late-Titled-Tuesday-Blitz-June-18-2024"]
[Site "Chess.com"]
[Date "2024.06.18"]
[Round "2"]
[White "NigelDwarf"]
[Black "MikeSailer"]
[Result "1-0"]
[WhiteElo "2447"]
[BlackElo "2058"]
[TimeControl "180+1"]
[EndTime "14:19:43 PDT"]
[Termination "NigelDwarf won on time"]

1. e4 d5 2. exd5 Qxd5 3. Nc3 Qd6 4. d4 c6 5. Nf3 Nf6 6. Ne5 Nbd7 7. Bf4 Nxe5 8. Bxe5 Qb4 9. Qd2 Bf5 10. O-O-O e6 11. f3 h5 12. Kb1 O-O-O 13. a3 Qa5 14. Bc4 Bd6 15. Bxd6 Rxd6 16. Nb5 Bxc2+ 17. Ka1 Qxb5 18.
Bxb5 Bxd1 19. Qb4 Rhd8 20. Ba6 bxa6 21. Rxd1 Nd5 22. Qc5 Kb7 23. Rd3 Nb6 24. Ka2 Rd5 25. Qe7+ R8d7 26. Qf8 g6 27. Qg7 c5 28. g4 hxg4 29.
fxg4 cxd4 30. h4 e5 31. h5 e4 32. Rh3 gxh5 33. gxh5 d3 34. h6 d2 35. h7 d1=Q 36.
h8=Q Qa4 37. Rc3 Rc7 38. Rxc7+ Kxc7 39. Qxf7+ Rd7 40. Qe5+ Kb7 41. Qff4 Qc4+ 42. b3 Qc2+ 43. Qb2 Qxb2+ 44. Kxb2 Re7 45. Kc2 Nd5 46. Qd6 e3 47.
Qxd5+ 1-0

[Event "Late-Titled-Tuesday-Blitz-June-18-2024"]
[Site "Chess.com"]
[Date "2024.06.18"]
[Round "2"]
[White "Sic_Transit_GM"]
[Black "Tulipnoir"]
[Result "1/2-1/2"]
[WhiteElo "2553"]
[BlackElo "2357"]
[TimeControl "180+1"]
[EndTime "14:19:44 PDT"]
[Termination "Game drawn by repetition"]

1. Nf3 Nf6 2. c4 e6 3. e3 d5 4. b3 Be7 5. Bb2 O-O 6. g3 c5 7.
Bg2 Nc6 8. O-O d4 9. exd4 cxd4 10. d3 Re8 11. Re1 Bb4 12. Nbd2 a5 13. a3 Bc5 14. Ne5 Bd7 15. Nxc6 Bxc6 16. Nf3 Qc7 17. Nxd4 Bxd4 18. Bxd4 Bxg2 19. Kxg2 e5 20. Bc3 Rad8 21. Qe2 Nd7 22.
d4 e4 23. Qd2 a4 24. Qb2 axb3 25. Qxb3 b6 26. Rac1 Rc8 27. Bb4 h5 28. h4 Nf6 29.
d5 Ng4 30. Qb2 Qd7 31. Qd4 Qf5 32. Re2 Qf3+ 33. Kg1 Qxe2 34. Bc3 f6 35. Re1 Qf3 36. d6 Rcd8 37. Qxb6 e3 38. Bd4 exf2+ 39. Bxf2 Rxe1+ 40. Bxe1 Qe3+ 41. Qxe3 Nxe3 42. c5 Nc4 43. Bb4 Kf7 44.
Kf2 Ke6 45. Ke2 Kd5 46. Kd3 Ne5+ 47. Kc3 Nc6 48. Kb3 g5 49. Ka4 gxh4 50. gxh4 f5 51. Kb5 f4 52. Be1 f3 53. Bf2 Rd7 54. a4 Na7+ 55.
Kb6 Nc6 56. a5 Rg7 57. a6 Rf7 58. Kb5 Rh7 59. Kb6 Rf7 60. Kb5 Rh7 61. Kb6 Rf7 1/2-1/2

[Event "Late-Titled-Tuesday-Blitz-June-18-2024"]
[Site "Chess.com"]
[Date "2024.06.18"]
[Round "2"]
[White "HouseOfDurin"]
[Black "esskeettit"]
[Result "0-1"]
[WhiteElo "2316"]
[BlackElo "2523"]
[TimeControl "180+1"]
[EndTime "14:19:45 PDT"]
[Termination "esskeettit won by checkmate"]

1. d4 d5 2. Bg5 Nf6 3. Bxf6 exf6 4. e3 Bd6 5. c4 dxc4 6. Bxc4 O-O 7. Nc3 Re8 8. g3 Nd7 9. Nge2 Nb6 10. Bd3 c5 11.
O-O cxd4 12. Nxd4 Be5 13. Nde2 Bg4 14. Qc2 g6 15. Rfd1 Qe7 16. Rd2 Rac8 17. Kg2 Qe6 18.
Bb5 Red8 19. Rad1 Rxd2 20. Rxd2 Bh3+ 21. Kg1 Qg4 22. Qe4 Qxe4 23. Nxe4 a6 24. Bd3 Be6 25.
f4 Bb8 26. Nd4 Nd5 27. Kf2 Ba7 28. Rc2 Rd8 29. Re2 Bg4 30. Nf3 Kg7 31. Bc2 Rc8 32. Bb3 Nxe3 33. Rxe3 Bf5 34. Ke2 Bxe3 35. Kxe3 Re8 36.
Nd2 Bxe4 37. Nxe4 f5 38. Bc2 fxe4 39. g4 f5 40. gxf5 gxf5 41. b4 Kf6 42. Bb3 Rc8 43.
Bd5 Rc3+ 44. Ke2 Rh3 45. Bxb7 Rxh2+ 46. Ke3 Rxa2 47. Bc6 Ra3+ 48. Kd4 Rb3 49. Kc4 Rb1 50. Bb7 Rc1+ 51. Kd4 h5 52. Bxa6 h4 53. Ke3 h3 54.
Bb7 h2 55. Bxe4 fxe4 56. Kxe4 h1=Q+ 57. Kd4 Rd1+ 58. Kc5 Qg1+ 59. Kc6 Rc1+ 60. Kd7 Qd4+ 61. Ke8 Rc8# 0-1

[Event "Late-Titled-Tuesday-Blitz-June-18-2024"]
[Site "Chess.com"]
[Date "2024.06.18"]
[Round "2"]
[White "ToddBryant"]
[Black "SRob2003"]
[Result "0-1"]
[WhiteElo "2385"]
[BlackElo "2711"]
[TimeControl "180+1"]
[EndTime "14:19:46 PDT"]
[Termination "SRob2003 won by checkmate"]

1. e4 c5 2. Nf3 d6 3. d4 cxd4 4. Nxd4 Nf6 5. Nc3 a6 6. Bg5 Nbd7 7. Qe2 Qa5 8. f4 h6 9. Bh4 g5 10. Bg3 gxf4 11. Bxf4 Ne5 12. Nb3 Qc7 13. Bxe5 dxe5 14. O-O-O Bg4 15. Nd5 Nxd5 16. Qxg4 Qxc2+ 17. Kxc2 Ne3+ 18. Kb1 Nxg4 19. Rc1 Nf2 20. Rg1 Nxe4 21. g4 Bg7 22. Bg2 Nd6 23. Rc7 Bf6 24. Nc5 O-O 25.
Nxb7 Rac8 26. Rd7 Nc4 27. Be4 Nd6 28. Bd5 Nb5 29. g5 hxg5 30. h4 e6 31. hxg5 Bg7 32.
Be4 Rc4 33. Bd3 Rd4 34. Rxd4 exd4 35. Rh1 Nc7 36. Bh7+ Kh8 37. Nd6 Be5 38. Ne4 Kg7 39. Nf6 Bxf6 40. gxf6+ Kxf6 41. Bd3 a5 42. Rf1+ Ke7 43.
Re1 f6 44. Bc4 e5 45. a3 Kd6 46. Kc2 Rh8 47. b4 axb4 48. axb4 Nd5 49. Kb3 Ne3 50. Ra1 f5 51. Ka4 f4 52. Kb5 Rb8+ 53.
Ka4 Ra8+ 54. Ba6 Rxa6+ 55. Kb5 Rxa1 56. Kb6 Rb1 57. b5 f3 58. Kb7 f2 59. Ka8 f1=Q 60. Ka7 Qxb5 61. Ka8 Qa6# 0-1

[Event "Late-Titled-Tuesday-Blitz-June-18-2024"]
[Site "Chess.com"]
[Date "2024.06.18"]
[Round "2"]
[White "Chessdemon2019"]
[Black "MaestroCheck"]
[Result "1/2-1/2"]
[WhiteElo "2374"]
[BlackElo "2606"]
[TimeControl "180+1"]
[EndTime "14:19:47 PDT"]
[Termination "Game drawn by repetition"]

1. e4 c5 2. Nf3 e6 3. Nc3 Nc6 4. Bb5 Nd4 5. Bd3 a6 6. Nxd4 cxd4 7. Ne2 Bc5 8. O-O Ne7 9. c3 Nc6 10. b4 Ba7 11. Bb2 Ne5 12. Bb1 Nc4 13. Bc1 dxc3 14.
dxc3 O-O 15. Qd3 Ne5 16. Qg3 Ng6 17. Bg5 f6 18. Be3 Bxe3 19. Qxe3 Qc7 20. a4 b6 21. Ba2 Bb7 22. f3 Kh8 23. Rfd1 Rf7 24. Rd4 Re7 25. Rad1 d5 26. exd5 exd5 27. Qd2 Rae8 28.
Nf4 Nxf4 29. Qxf4 Qxc3 30. h4 Re1+ 31. Kh2 Rxd1 32. Rxd1 Qc2 33. Rd2 Qxa4 34. Bxd5 Bxd5 35. Rxd5 a5 36. Rh5 Qxb4 37. Qxb4 axb4 38. Rb5 Rb8 39.
Rxb4 b5 40. Kg3 Kg8 41. Kf4 Kf7 42. h5 Ke6 43. g4 Kd6 44. g5 fxg5+ 45. Kxg5 Kc5 46.
Rb1 b4 47. h6 gxh6+ 48. Kxh6 Kd4 49. Kxh7 Ke3 50. Rb3+ Kf4 51. Kg6 Rb6+ 52. Kf7 Ke5 53. Ke7 Kd4 54. Kd7 Kc4 55. Rb1 b3 56. f4 Kd5 57. f5 Ke5 58. Kc7 Rb4 59. Kc6 Kxf5 60. Kc5 Rb8 61. Kc4 b2 62. Kc3 Ke4 63. Rxb2 Rc8+ 64.
Kd2 Rc4 65. Rb3 Rd4+ 66. Ke2 Rc4 67. Re3+ Kd4 68. Rd3+ Ke4 69. Re3+ Kd4 70. Rd3+ Ke4 71. Re3+ 1/2-1/2

[Event "Late-Titled-Tuesday-Blitz-June-18-2024"]
[Site "Chess.com"]
[Date "2024.06.18"]
[Round "2"]
[White "micke12a"]
[Black "carokannlover213"]
[Result "0-1"]
[WhiteElo "2381"]
[BlackElo "2681"]
[TimeControl "180+1"]
[EndTime "14:19:48 PDT"]
[Termination "carokannlover213 won by resignation"]

1. e4 e6 2. d4 d5 3. Nd2 Be7 4. Bd3 c5 5. dxc5 Nf6 6. exd5 Qxd5 7. Qf3 Qxc5 8. Nb3 Qc7 9. Bf4 e5 10. Bg5 Nc6 11. a3 a5 12. Ne2 a4 13. Nd2 Bg4 14. Qg3 Bxe2 15. Bxe2 Nd4 16. Bd3 Nxc2+ 17. Bxc2 Qxc2 18.
Qxe5 O-O 19. O-O Rfe8 20. Rac1 Qd3 21. Qg3 Qa6 22. Rfe1 Bd6 23. Qf3 Be5 24. Nc4 Bd4 25. Red1 Rad8 26. Be3 Qa7 27. Bxd4 Rxd4 28. Ne3 b5 29. Nf5 Rxd1+ 30. Rxd1 g6 31. Nd6 Re6 32. Nxb5 Qb6 33. Nd4 Qxd4 34. h3 Qxb2 35. g4 h6 36. Qf4 Kg7 37. Rd4 Qa1+ 38. Kg2 Qxa3 39. Rxa4 Qb3 40.
Rb4 Qd5+ 41. Qf3 Qxf3+ 42. Kxf3 Re5 43. Kg3 Re6 44. f4 Ne4+ 45. Kf3 Nd6 46. Rd4 Ne8 47.
Ra4 g5 48. f5 Re5 49. Ra6 Nf6 50. Rb6 Rd5 51. Ra6 Rd3+ 52. Kg2 Ne4 53. Rb6 Rg3+ 54.
Kh2 Re3 55. Rb4 Nf6 56. Rb3 Nxg4+ 57. hxg4 Rxb3 0-1

[Event "Late-Titled-Tuesday-Blitz-June-18-2024"]
[Site "Chess.com"]
[Date "2024.06.18"]
[Round "2"]
[White "LUISMIGUELOV"]
[Black "jaramsdal"]
[Result "1/2-1/2"]
[WhiteElo "2186"]
[BlackElo "2459"]
[TimeControl "180+1"]
[EndTime "14:19:48 PDT"]
[Termination "Game drawn by repetition"]

1. d4 Nf6 2. c3 d6 3. Bg5 Nbd7 4.
Nd2 h6 5. Bh4 g5 6. Bg3 Bg7 7.
e4 e5 8. Bc4 O-O 9. Ngf3 exd4 10. Nxd4 Re8 11. f3 d5 12. Bd3 Nc5 13. Bc2 dxe4 14.
O-O e3 15. N2b3 Nxb3 16. Bxb3 e2 17. Nxe2 Qxd1 18. Bxd1 Nd5 19. Nd4 c6 20. Bb3 Bxd4+ 21.
cxd4 Re2 22. Bxd5 cxd5 23. Rf2 Rxf2 24. Kxf2 Bd7 25. Rc1 Rc8 26. Rxc8+ Bxc8 27. a3 Kg7 28. Ke3 Kg6 29. Be5 Bd7 30. g3 Kf5 31. f4 Kg4 32.
Kf2 h5 33. fxg5 Kxg5 34. h4+ Kf5 35. Ke3 Ba4 36. b4 Bc2 37. Bf4 Be4 38. Be5 Ke6 39.
a4 Bc2 40. a5 Kd7 41. Bb8 a6 42. Be5 Kc6 43. Bf6 Kb5 44. Be7 Kc4 45. Bc5 Bg6 46. Kf4 Kd3 47. Bb6 Be4 48. Bc5 Kc4 49. g4 Bg6 50. Kg5 hxg4 51. Kxg4 Kd3 52. h5 Be4 53. h6 Ke3 54. Kg5 Kf3 55. Kf6 Bg6 56. Bd6 Ke4 57. Bc5 Ke3 58. h7 Bxh7 59. Kxf7 Bd3 60. Ke6 Bc4 61.
Kd6 Ke4 62. Kc7 Bb5 63. Kxb7 Bc4 64. Kc6 Bb5+ 65. Kd6 Bc4 66. Kc7 Bb5 67. Kd6 Bc4 68. Bb6 Bb5 69. Kc5 Bc4 70. Kd6 Bb5 71. Bc5 1/2-1/2

[Event "Late-Titled-Tuesday-Blitz-June-18-2024"]
[Site "Chess.com"]
[Date "2024.06.18"]
[Round "2"]
[White "nochewycandy"]
[Black "pooh2012"]
[Result "1/2-1/2"]
[WhiteElo "2810"]
[BlackElo "2568"]
[TimeControl "180+1"]
[EndTime "14:19:49 PDT"]
[Termination "Game drawn - insufficient material"]

1. c4 Nf6 2. g3 e6 3. Bg2 Be7 4. Nf3 O-O 5. O-O d5 6. b3 a5 7.
Bb2 c6 8. Nc3 Na6 9. e3 Re8 10. d4 Rb8 11. Rc1 b5 12. cxb5 cxb5 13. Ne5 Bd7 14. Re1 Bd6 15. Ne2 Qe7 16. Nf4 Rec8 17.
Qe2 Nb4 18. a3 Nc6 19. Nxd7 Nxd7 20. Ra1 Nf6 21. Nd3 Rc7 22. Rec1 Rbc8 23. Nc5 Na7 24.
b4 e5 25. Qd3 axb4 26. axb4 Nc6 27. Qxb5 Rb8 28. Qe2 Nxb4 29. dxe5 Bxe5 30. Bxe5 Qxe5 31. Nd3 Nxd3 32. Qxd3 Rbc8 33. Rcb1 g6 34. h3 Kg7 35. Rd1 Rc3 36. Qd4 Qf5 37. Rd2 R3c4 38. Qb2 h5 39. Rad1 Rc2 40. Qd4 Rxd2 41. Rxd2 Rc1+ 42. Kh2 Rc2 43.
Rxc2 Qxc2 44. g4 hxg4 45. hxg4 g5 46. Qe5 Qxf2 47. Qxg5+ Kf8 48. Kh3 Ne4 49. Bxe4 dxe4 50. Qd8+ Kg7 51. Qd4+ Kh6 52. Qh8+ Kg6 53. Qg8+ Kh6 54.
Qh8+ Kg6 55. Qh5+ Kg7 56. Qg5+ Kh7 57. Qf5+ Qxf5 58. gxf5 Kh6 59. Kg4 f6 60. Kf4 Kh5 61. Kxe4 Kg4 62. Kd5 Kxf5 63. Kd6 Ke4 64. Ke6 f5 65.
Kf6 Kxe3 66. Kxf5 1/2-1/2

[Event "Late-Titled-Tuesday-Blitz-June-18-2024"]
[Site "Chess.com"]
[Date "2024.06.18"]
[Round "2"]
[White "Josetricks"]
[Black "Chessdreamer2020"]
[Result "1-0"]
[WhiteElo "2379"]
[BlackElo "2574"]
[TimeControl "180+1"]
[EndTime "14:19:53 PDT"]
[Termination "Josetricks won by resignation"]

1. d4 d6 2. e4 Nf6 3. Nc3 c6 4.
Be3 e5 5. f3 Nbd7 6. Nge2 b5 7.
Qd2 b4 8. Nd1 a5 9. g4 Nb6 10.
Ng3 h6 11. dxe5 Nfd7 12. exd6 Qf6 13. Nf5 Ne5 14. Kf2 Nbc4 15. Bxc4 Nxc4 16. Qd4 Nxe3 17.
Ndxe3 Qxd4 18. Nxd4 Bxd6 19. Nxc6 Bc5 20. Rhe1 Bb7 21.
Ne5 Rd8 22. Nd3 Ba7 23. Kg2 O-O 24. Rad1 Rc8 25. Rd2 Rfd8 26. Nf5 Kf8 27. Red1 g6 28. Ng3 Be3 29. Re2 Bd4 30. b3 Ba6 31. Nf1 Bc3 32. Ne3 Bb7 33. Nc4 Ra8 34. a4 bxa3 35. Nxa3 a4 36.
Nb5 a3 37. Nxc3 a2 38. Ra1 Rdc8 39. Nxa2 Ra6 40. Ndc1 Rca8 41. Rb1 Rxa2 42. Nxa2 Rxa2 43. Rd1 Ke7 44. Red2 Bc6 45. c4 Ra3 46. Rd3 Ra2+ 47. R1d2 Ra1 48. b4 Rc1 49. b5 Be8 50. Rd4 f5 51.
gxf5 gxf5 52. b6 Rb1 53. c5 fxe4 54. Rxe4+ Kf7 55. Rde2 Bc6 56. Re7+ Kf8 57. Rc7 Bb5 58. Rd2 Be8 59. b7 1-0

[Event "Late-Titled-Tuesday-Blitz-June-18-2024"]
[Site "Chess.com"]
[Date "2024.06.18"]
[Round "2"]
[White "jamengrand"]
[Black "Cxrjs"]
[Result "0-1"]
[WhiteElo "2301"]
[BlackElo "2515"]
[TimeControl "180+1"]
[EndTime "14:19:53 PDT"]
[Termination "Cxrjs won by checkmate"]

1. e4 e5 2. Nf3 Nc6 3. Nc3 Nf6 4. Nd5 h6 5. Bc4 d6 6. O-O Bg4 7. Nxf6+ Qxf6 8. Be2 Be7 9. c3 O-O 10. d3 Rad8 11.
Ne1 Bxe2 12. Qxe2 d5 13. Nf3 Rfe8 14. b4 a6 15. a4 d4 16. b5 Na5 17. cxd4 exd4 18.
Bb2 c5 19. bxc6 Nxc6 20. Rac1 Qe6 21. Qd1 f5 22. Re1 Bb4 23. exf5 Qxf5 24. Rxe8+ Rxe8 25. Rxc6 bxc6 26. Qb3+ Kh7 27. Qxb4 Qxd3 28. h3 Re2 29. Qxd4 Qxd4 30. Bxd4 Ra2 31. Ne5 Rxa4 32. Be3 Ra1+ 33.
Kh2 a5 34. Nxc6 a4 35. Ne7 a3 36. Nf5 a2 37. Bd4 Rd1 38. Bc3 Rc1 39. Bd4 Rd1 40. Bc3 a1=Q 41. Bxa1 Rxa1 42. g3 Kg6 43. Ne3 Kf6 44. Kg2 Ke5 45. Kf3 Ra3 46. h4 h5 47.
g4 g6 48. gxh5 gxh5 49. Kg3 Ke4 50. Kg2 Kf4 51. Nf1 Kg4 52. Nh2+ Kxh4 53. Nf3+ Kg4 54. Nh2+ Kf4 55. Nf1 h4 56. Nh2 h3+ 57. Kg1 Ra1+ 58. Nf1 Kf3 59. Kh2 Rxf1 60. Kxh3 Rh1# 0-1

[Event "Late-Titled-Tuesday-Blitz-June-18-2024"]
[Site "Chess.com"]
[Date "2024.06.18"]
[Round "2"]
[White "the"]
[Black "Chopper1905"]
[Result "0-1"]
[WhiteElo "2606"]
[BlackElo "2907"]
[TimeControl "180+1"]
[EndTime "14:19:54 PDT"]
[Termination "Chopper1905 won by checkmate"]

1. e4 c5 2. Nf3 d6 3. Bb5+ Nd7 4. O-O a6 5. Be2 Ngf6 6. d3 b5 7. a4 b4 8. Nbd2 g6 9. Re1 Bg7 10. c3 a5 11. Qc2 Bb7 12. d4 cxd4 13. cxd4 Rc8 14.
Qb1 O-O 15. Bb5 Nb6 16. Nb3 Nc4 17. Qd3 d5 18. exd5 Bxd5 19. Nc5 Bxf3 20. Bxc4 Bd5 21.
Ba6 Ra8 22. Bb5 Qd6 23. h3 Rfd8 24. Bg5 h6 25. Be3 e6 26. Rac1 Qe7 27. Qd2 Kh7 28. Rc2 Ne4 29. Qe2 Rac8 30. Nxe4 Bxe4 31. Rxc8 Rxc8 32. Bxh6 Bxh6 33. Qxe4 Qd6 34. Rd1 Bg7 35. d5 e5 36. Bc6 Rxc6 37. Qh4+ Kg8 38. dxc6 Qxd1+ 39.
Kh2 Qd6 40. Qc4 Qc7 41. Qd5 Bf8 42. h4 Bd6 43. g3 Kg7 44. Qe4 Kf6 45. Kh3 Ke7 46.
h5 Qc8+ 47. Kh4 Qh8 48. g4 gxh5 49. gxh5 Qf6+ 50. Kg3 b3 51. Qd5 Qg5+ 52. Kf3 Qxh5+ 53. Kg2 Qg4+ 54. Kf1 Qd4 55. Qxb3 Qc5 56. Qb7+ Ke6 57.
Qd7+ Kf6 58. Qe8 Qc4+ 59. Kg1 Qg4+ 60. Kf1 Qh3+ 61. Ke1 Bb4+ 62. Kd1 Qg4+ 63. Kc2 Qc4+ 64. Kd1 Qd3+ 65. Kc1 Bd2+ 66. Kd1 Be3+ 67. Ke1 Qd2+ 68. Kf1 Qxf2# 0-1

[Event "Late-Titled-Tuesday-Blitz-June-18-2024"]
[Site "Chess.com"]
[Date "2024.06.18"]
[Round "2"]
[White "becemix"]
[Black "penguingm1"]
[Result "0-1"]
[WhiteElo "2611"]
[BlackElo "2956"]
[TimeControl "180+1"]
[EndTime "14:19:57 PDT"]
[Termination "penguingm1 won on time"]

1. e4 e5 2. Nf3 Nc6 3. Bc4 Bc5 4. O-O Nf6 5. d4 Bxd4 6. Nxd4 Nxd4 7. Nc3 d6 8. Bg5 h6 9. Bh4 g5 10. Bg3 c6 11.
Kh1 Qe7 12. f4 Bg4 13. Qd3 O-O-O 14. f5 Nh5 15. Bf2 Nf4 16. Qd2 d5 17. exd5 cxd5 18.
Bd3 Nf3 19. Qc1 e4 20. Bg3 Ne5 21. Bb5 Nh5 22. Bf2 a6 23. Ba4 Nf4 24. Qe3 Qc7 25.
Qa7 Nc6 26. Qb6 Qxb6 27. Bxb6 Rd7 28. h3 Bxf5 29. g3 Bxh3 30. gxf4 Bxf1 31. Rxf1 f5 32. Bb3 d4 33. Nd5 Kb8 34. Nf6 Rd6 35. Nh5 d3 36. cxd3 Rxd3 37. Ng7 Rf8 38. Ne6 Rf6 39. Nc5 Rdd6 40.
Rd1 Nd4 41. Rxd4 Rxd4 42. Nxa6+ bxa6 43. Bxd4 Rc6 44. Be5+ Kc8 45. fxg5 hxg5 46. Kg2 Kd8 47. Kg3 Ke7 48. Bd4 Rc1 49. Bc3 Rf1 50. Kg2 Rf4 51. Bd2 Rg4+ 52. Kf2 f4 53. Bd1 e3+ 54. Kf3 Rg3+ 55.
Ke2 Rg2+ 0-1

[Event "Late-Titled-Tuesday-Blitz-June-18-2024"]
[Site "Chess.com"]
[Date "2024.06.18"]
[Round "2"]
[White "KingCyber19"]
[Black "Zhigalko_Sergei"]
[Result "0-1"]
[WhiteElo "2615"]
[BlackElo "2979"]
[TimeControl "180+1"]
[EndTime "14:19:58 PDT"]
[Termination "Zhigalko_Sergei won on time"]

1. d4 Nf6 2. c4 e6 3. Nc3 Bb4 4. e3 O-O 5. Bd3 d5 6. Ne2 dxc4 7. Bxc4 Nbd7 8. O-O e5 9. Qb3 Bd6 10. Rd1 e4 11.
Ng3 Nb6 12. Ngxe4 Nxe4 13. Nxe4 Bxh2+ 14. Kxh2 Qh4+ 15. Kg1 Qxe4 16. Bd3 Qh4 17. Qc2 c6 18. Bd2 Be6 19. Be1 Rad8 20. f3 Qg5 21. Bxh7+ Kh8 22.
f4 Qh5 23. Bd3 Rfe8 24. Be2 Qh6 25. Bf2 Nd5 26. Qd2 Bf5 27. Bf3 Be4 28. Bxe4 Rxe4 29. Re1 Rde8 30. Rad1 Kg8 31. Qd3 Qh5 32. Kf1 Nxf4 33.
exf4 Qh1+ 34. Bg1 Rxe1+ 35. Rxe1 Rxe1+ 36. Kxe1 Qxg1+ 37. Kd2 Qxg2+ 38. Kc3 Qd5 39. Qe3 Qxa2 40. Qe8+ Kh7 41. Qd7 Qa5+ 42. Kc2 Qa4+ 43. Kc3 Qa5+ 44. Kc2 Qd5 45. Qxb7 Qxd4 46. Qxf7 Qd5 47. Qe7 a5 48.
Qh4+ Kg6 49. Qg4+ Kf6 50. Qh4+ Kf7 51. Qg4 Qe6 52. Qf3 Qf5+ 53. Kc1 Qd5 54. Kb1 Qxf3 0-1

[Event "Late-Titled-Tuesday-Blitz-June-18-2024"]
[Site "Chess.com"]
[Date "2024.06.18"]
[Round "2"]
[White "David_ATM"]
[Black "Aygehovit1992"]
[Result "0-1"]
[WhiteElo "2439"]
[BlackElo "2806"]
[TimeControl "180+1"]
[EndTime "14:19:58 PDT"]
[Termination "Aygehovit1992 won by resignation"]

1. e4 c5 2. c3 d5 3. exd5 Qxd5 4. d4 Nf6 5. Nf3 e6 6. Be2 Nc6 7. Na3 cxd4 8. Nb5 Qd7 9. Nbxd4 a6 10. O-O Bd6 11. Bg5 Ne4 12. Bh4 e5 13. Nxc6 Qxc6 14.
Re1 f6 15. Bd3 Nc5 16. Bc2 O-O 17. Bg3 Bg4 18. Qe2 Bxf3 19. Qxf3 Qxf3 20. gxf3 g5 21. Bf5 Rfd8 22. h4 h6 23. hxg5 hxg5 24. Kg2 Kg7 25.
Rad1 Be7 26. Rh1 Rxd1 27. Rxd1 Rd8 28. Rxd8 Bxd8 29. b4 Na4 30. Bc8 b5 31. Bxa6 Nxc3 32. a3 Be7 33. Bh2 Bd6 34. f4 gxf4 35. f3 Nb1 36. Bxb5 Nxa3 37. Bd3 Bxb4 38. Bg1 Kf7 39. Bb6 Ke6 40. Bd8 Be7 41. Ba5 Kd5 42. Bc3 Nc4 43.
Kf2 Bc5+ 44. Ke2 Nd6 45. Bb2 f5 46. Bc2 e4 47. Bg7 Nb5 48. Bb3+ Kd6 49. Bf8+ Kc6 50. Bh6 Nd4+ 51. Kd2 Nxb3+ 52. Kc3 Nd4 53. fxe4 fxe4 54. Bxf4 Kd5 55. Be3 Ne2+ 56. Kd2 Bxe3+ 57. Kxe3 Nd4 58.
Kd2 Nf5 59. Ke2 Kd4 60. Ke1 e3 61. Kd1 Kd3 62. Ke1 Nd4 63. Kd1 e2+ 64. Ke1 Nc2+ 65. Kf2 e1=Q+ 0-1